 Dungeon Crawl Stone Soup version 0.28.0-53-g5a82cb258f (webtiles) character file.

Game seed: 11979827162995457660

10889 Peloso the Carver (level 11, -12/99 HPs)
             Began as a Minotaur Fighter on June 30, 2022.
             Was a High Priest of Okawaru.
             Mangled by an orc knight
             ... wielding a +3 war axe of flaming
              (19 damage)
             ... on level 10 of the Dungeon.
             The game lasted 00:23:57 (10954 turns).

Peloso the Carver (Minotaur Fighter)               Turns: 10954, Time: 00:23:58

Health: -12/99     AC: 24    Str: 24    XL:     11   Next: 42%
Magic:  10/11      EV: 11    Int:  5    God:    Okawaru [*****.]
Gold:   564        SH:  7    Dex: 13    Spells: 10/10 levels left

rFire   . . .      SeeInvis .   a - +6 long sword
rCold   + . .      Faith    .   c - +0 buckler
rNeg    . . .      Spirit   .   P - +0 plate armour
rPois   .          Reflect  .   (helmet restricted)
rElec   .          Harm     .   (no cloak)
rCorr   .          Rampage  .   J - +0 pair of gloves
Will    .....      NoCast   +   p - +0 pair of boots
Stlth   ..........              T - amulet "Miroena" {Acrobat -Cast rC+ Dex+2}
HPRegen 0.26/turn               L - +4 ring of protection
MPRegen 0.12/turn               (no ring)

@: heroic, studying Crossbows
A: horns 2, retaliatory headbutt
a: Renounce Religion, Heroism, Finesse, Duel


You were on level 10 of the Dungeon.
You worshipped Okawaru.
Okawaru was extremely pleased with you.
You visited 2 branches of the dungeon, and saw 11 of its levels.

You collected 564 gold pieces.

Inventory:

Hand Weapons
 a - a +6 long sword (weapon)
 b - a +2 spear of flaming
 H - a +1 hunting sling of flaming
Missiles
 I - 52 sling bullets
Armour
 c - a +0 buckler (worn)
 p - a +0 pair of boots (worn)
 q - a +0 scale mail
 J - a +0 pair of gloves (worn)
 N - a +0 chain mail
 O - +0 swamp dragon scales
 P - a +0 plate armour (worn)
Jewellery
 e - an amulet of faith
 u - a +6 ring of strength
 x - a ring of see invisible
 F - a +4 ring of evasion
 L - a +4 ring of protection (left hand)
 M - a +6 ring of intelligence
 R - a ring of resist corrosion
 T - the amulet "Miroena" (around neck) {Acrobat -Cast rC+ Dex+2}
   (You found it on level 10 of the Dungeon)

   [amulet of the acrobat]

   It increases your evasion while moving and waiting.
   Dex:       It affects your dexterity (+2).
   rC:        It protects you from cold.
   -Cast:     It prevents spellcasting.
Wands
 v - a wand of flame (15)
 w - a wand of paralysis (4)
 A - a wand of mindburst (19)
 E - a wand of digging (2)
 G - a wand of iceblast (6)
Scrolls
 g - 2 scrolls of summoning {unknown}
 h - 3 scrolls of magic mapping {unknown}
 j - 3 scrolls of amnesia {unknown}
 k - 2 scrolls of vulnerability {unknown}
 m - 5 scrolls of teleportation
 s - 2 scrolls of fog {unknown}
 t - 2 scrolls of enchant weapon {unknown}
 y - a scroll of immolation {unknown}
 z - 2 scrolls of blinking {unknown}
 B - a scroll of fear {unknown}
 D - 2 scrolls of enchant armour {unknown}
 Q - 2 scrolls of identify
Potions
 d - a potion of might
 f - 5 potions of curing
 i - a potion of heal wounds
 l - a potion of invisibility
 n - a potion of berserk rage
 o - 3 potions of flight {unknown}
 r - a potion of attraction {unknown}
 C - a potion of lignification {unknown}
 K - a potion of magic {unknown}
 S - a potion of ambrosia {unknown}


   Skills:
 + Level 10.0(15.0) Fighting
 + Level 11.7(16.7) Long Blades
 + Level 6.8(11.8) Slings
 + Level 4.3(9.3) Crossbows
 + Level 10.3(15.3) Armour
 + Level 4.4(9.4) Dodging
 + Level 3.3(8.3) Stealth
 + Level 6.3(11.3) Shields
 + Level 1.8 Invocations
 + Level 0.3 Evocations


You had 10 spell levels left.
You didn't know any spells.
Your spell library contained the following spells:

 Spells                   Type           Power      Damage    Failure   Level
 Apportation              Tloc           0%         N/A       99%         1
 Shock                    Conj/Air       0%         1d3       99%         1
 Corpse Rot               Necr/Air       0%         N/A       100%        2
 Poisonous Vapours        Pois/Air       0%         N/A       100%        2
 Conjure Flame            Conj/Fire      0%         6-21      100%        3
 Ignite Poison            Fire/Tmut/Pois 0%         N/A       100%        3
 Swiftness                Air            0%         N/A       100%        3
 Airstrike                Air            0%         N/A       100%        4
 Flame Wave               Conj/Fire      0%         2d4       100%        4
 Sticky Flame             Conj/Fire      0%         2d3       100%        4
 Alistair's Intoxication  Tmut/Pois      0%         N/A       100%        5
 Fireball                 Conj/Fire      0%         3d3       100%        5
 Iskenderun's Battlesphe  Conj           0%         2d6       100%        5
 Iron Shot                Conj/Erth      0%         9d1       100%        6
 Starburst                Conj/Fire      0%         6d3       100%        6
 Spellforged Servitor     Conj/Summ      Unusable   N/A       N/A         7

Dungeon Overview and Level Annotations

Branches:
Dungeon (10/15)            Temple (1/1) D:4            Lair (0/6) D:10
    Orc (0/2) D:10

Altars:
Ashenzari
Cheibriados
Dithmenos
Elyvilon
Fedhas
Hepliaklqana
Kikubaaqudgha
Makhleb
Okawaru
Qazlal
Sif Muna
Trog
Wu Jian
Zin

Shops:
D:8 (

Annotations:
D:5 2 transporters, gnacko's ghost, amateur MiFi


Innate Abilities, Weirdness & Mutations

You have a pair of horns on your head.
You reflexively headbutt those who attack you in melee.


Message History

The orc knight hits you but does no damage.
You hit the orc knight but do no damage.
The orc knight is moderately wounded.
You block the orc knight's attack.
You closely miss the orc knight.
The orc knight is moderately wounded.
You hit the orc knight. Your headbutt misses the orc knight.
The orc knight is heavily wounded.
The orc knight hits you but does no damage.
You hit the orc knight.
The orc knight is heavily wounded.
The orc knight hits you with a +3 war axe of flaming!
The orc knight burns you.
You slash the orc knight! Your headbutt misses the orc knight.
The orc knight is severely wounded.
The orc knight misses you. You furiously retaliate!
You headbutt the orc knight. You slash the orc knight!
The orc knight is almost dead.
You hit the orc knight. Your headbutt misses the orc knight.
The orc knight is almost dead.
The orc knight hits you with a +3 war axe of flaming!!
The orc knight burns you!
* * * LOW HITPOINT WARNING * * *
You hit the orc knight but do no damage.
Your headbutt misses the orc knight.
The orc knight is almost dead.
You block the orc knight's attack.
You closely miss the orc knight. Your headbutt misses the orc knight.
The orc knight is almost dead.
You closely miss the orc knight.
The orc knight is almost dead.
The orc knight hits you with a +3 war axe of flaming!
* * * LOW HITPOINT WARNING * * *
The orc knight burns you.
* * * LOW HITPOINT WARNING * * *
You hit the orc knight. Your headbutt misses the orc knight.
The orc knight is almost dead.
The orc knight hits you with a +3 war axe of flaming!!
You die...

#'### #.###.###. ....
#......... #####.###
#####.####
#.....((###......... .
#.#......##†<....... ..#
#.###)(...#.........
((..#...#(###.#.........
..(((...(##...[.........
....#(o@#.....#.........
. #..##$...##.........
#..#....###....##...
##.....## #..#####.#
####.## #.## ## ....
...# #..# #####


You could see an orc knight.

Vanquished Creatures
  2 centaur warriors
  2 two-headed ogres
  2 orc sorcerers
  Joseph (D:7)
  A kobold demonologist (D:10)
  Maggie (D:8)
  A tengu conjurer (D:10)
  A troll (D:9)
  Grinder (D:4)
  9 yaks (D:9)
  Sigmund (D:2)
  4 wyverns
  A basilisk (D:10)
  A steam dragon (D:10)
  A vampire mosquito (D:9)
  4 water moccasins
  Duvessa (D:4)
  A black bear (D:7)
  8 orc warriors
  A sky beast (D:7)
  An ogre (D:9)
  A phantom (D:4)
  3 centaurs
  A kobold brigand (D:5)
  A bullfrog (D:7)
  A gnoll sergeant (D:9)
  5 scorpions
  Dowan (D:4)
  A killer bee (D:10)
  10 wights
  A howler monkey (D:10)
  2 centaur zombies
  4 hounds
  A jelly (D:4)
  A gnoll shaman (D:5)
  2 orc priests (D:9)
  A centaur skeleton (D:5)
  2 iguanas
  8 orc wizards
  Natasha (thrice) (D:2)
  A hound zombie (D:5)
  A hound skeleton (D:4)
  2 howler monkey zombies
  Robin (D:4)
  9 gnolls
  3 adders
  3 worms
  35 orcs
  7 bats
  3 endoplasms
  2 giant cockroaches
  10 goblins
  7 hobgoblins
  2 jackals (D:1)
  12 kobolds
  6 quokkas
  7 ball pythons
  4 frilled lizards
  3 rats
212 creatures vanquished.

Vanquished Creatures (others)
  A wizard (D:8)
  An orc (D:9)
  A fungus (D:10)
  4 plants (D:10)
7 creatures vanquished.

Grand Total: 219 creatures vanquished

Notes
Turn   | Place    | Note
-------+----------+-------------------------------------------
     0 | D:1      | Peloso the Minotaur Fighter began the quest for the Orb.
     0 | D:1      | Reached XP level 1. HP: 19/19 MP: 0/0
   485 | D:1      | Reached XP level 2. HP: 27/27 MP: 1/1
   571 | D:1      | Found a faded altar of an unknown god.
   910 | D:2      | Got the Catalogue of Ignition
   942 | D:2      | Noticed Natasha
   948 | D:2      | Killed Natasha
   949 | D:2      | Reached skill level 3 in Long Blades
   949 | D:2      | Reached XP level 3. HP: 33/33 MP: 2/2
  1080 | D:2      | Noticed Sigmund
  1089 | D:2      | Killed Sigmund
  1090 | D:2      | Reached skill level 4 in Long Blades
  1090 | D:2      | Reached skill level 5 in Armour
  1090 | D:2      | Reached skill level 1 in Dodging
  1090 | D:2      | Reached XP level 4. HP: 20/41 MP: 3/3
  1090 | D:2      | Reached XP level 5. HP: 23/47 MP: 4/4
  1339 | D:2      | Noticed Natasha
  1348 | D:2      | Killed Natasha
  1572 | D:2      | Noticed Natasha
  1577 | D:2      | Killed Natasha
  1578 | D:2      | Reached skill level 5 in Long Blades
  2144 | D:3      | Reached XP level 6. HP: 54/55 MP: 5/5
  2553 | D:3      | Reached skill level 5 in Fighting
  2585 | D:3      | Found a white marble altar of Elyvilon.
  2855 | D:4      | Noticed Grinder
  2861 | D:4      | Paralysed by Grinder for 4 turns
  2871 | D:4      | Killed Grinder
  3025 | D:4      | Reached skill level 6 in Long Blades
  3025 | D:4      | Reached XP level 7. HP: 42/61 MP: 6/6
  3213 | D:4      | Noticed Robin
  3222 | D:4      | Killed Robin
  3290 | D:4      | Found a staircase to the Ecumenical Temple.
  3304 | Temple   | Entered the Ecumenical Temple
  3395 | Temple   | Became a worshipper of Warmaster Okawaru
  3512 | D:4      | Noticed Duvessa
  3512 | D:4      | Noticed Dowan
  3526 | D:4      | Killed Duvessa
  3527 | D:4      | Reached skill level 1 in Crossbows
  3546 | D:4      | Killed Dowan
  4065 | D:4      | You fall into a shaft and drop 3 floors!
  4079 | D:7      | Reached skill level 5 in Shields
  4079 | D:7      | Reached XP level 8. HP: 61/70 MP: 7/7
  4156 | D:7      | Reached * piety under Okawaru
  4235 | D:7      | Noticed Joseph
  4247 | D:7      | Killed Joseph
  4248 | D:7      | Reached skill level 7 in Long Blades
  4248 | D:7      | Reached skill level 1 in Stealth
  4573 | D:5      | Entered Level 5 of the Dungeon
  4932 | D:5      | Found a burning altar of Makhleb.
  4936 | D:5      | Noticed a balrug
  4939 | D:5      | Found a glowing silver altar of Zin.
  4939 | D:5      | Noticed an angel
  4946 | D:5      | Found a transporter.
  4949 | D:5      | Noticed gnacko's ghost (amateur MiFi)
  5019 | D:5      | Found a transporter.
  5228 | D:5      | Reached ** piety under Okawaru
  5229 | D:5      | Reached skill level 1 in Slings
  5621 | D:5      | Reached XP level 9. HP: 77/78 MP: 8/8
  6478 | D:8      | Noticed Maggie
  6498 | D:8      | Killed Maggie
  6885 | D:8      | Found Rujiuw's Weapon Boutique.
  7055 | D:8      | Found a bloodstained altar of Trog.
  7063 | D:8      | Noticed a wizard
  7069 | D:8      | Killed a wizard
  7543 | D:9      | Found a blossoming altar of Fedhas.
  7558 | D:9      | Reached skill level 8 in Long Blades
  7764 | D:9      | Found a stormy altar of Qazlal.
  7796 | D:9      | Reached *** piety under Okawaru
  7797 | D:9      | Reached skill level 5 in Slings
  8123 | D:9      | HP: 3/79 [orc warrior/+0 long sword (8)]
  8294 | D:9      | Reached XP level 10. HP: 67/86 MP: 9/9
  8381 | D:9      | Found a shimmering blue altar of Sif Muna.
  8381 | D:9      | Found a hazy altar of Hepliaklqana.
  8381 | D:9      | Found a snail-covered altar of Cheibriados.
  8407 | D:9      | Found a shadowy altar of Dithmenos.
  8658 | D:9      | Reached skill level 9 in Long Blades
  9375 | D:9      | Found an ornate altar of the Wu Jian Council.
  9506 | D:10     | Entered Level 10 of the Dungeon
  9512 | D:10     | Found a staircase to the Orcish Mines.
  9513 | D:10     | Noticed a two-headed ogre
  9593 | D:9      | Killed a two-headed ogre
  9594 | D:9      | Reached skill level 10 in Long Blades
  9840 | D:9      | Reached **** piety under Okawaru
  9914 | D:10     | Received a gift from Okawaru
 10320 | D:10     | Reached skill level 1 in Invocations
 10334 | D:10     | Found a staircase to the Lair.
 10395 | D:10     | Noticed an orc sorcerer
 10403 | D:10     | Noticed a rust devil
 10404 | D:10     | Noticed an orange demon
 10407 | D:10     | Killed an orc sorcerer
 10408 | D:10     | Reached XP level 11. HP: 76/97 MP: 8/11
 10408 | D:10     | Noticed a centaur warrior
 10412 | D:10     | Noticed an orc sorcerer
 10412 | D:10     | Paralysed by an orc sorcerer for 7 turns
 10754 | D:9      | Killed an orc sorcerer
 10755 | D:9      | Reached skill level 11 in Long Blades
 10762 | D:9      | Killed a centaur warrior
 10762 | D:9      | Reached ***** piety under Okawaru
 10831 | D:10     | Reached skill level 10 in Armour
 10836 | D:10     | Identified the amulet "Miroena" {Acrobat -Cast rC+ Dex+2}
 10838 | D:10     | Noticed a two-headed ogre
 10841 | D:10     | Noticed a centaur warrior
 10846 | D:10     | Killed a two-headed ogre
 10887 | D:10     | Killed a centaur warrior
 10888 | D:10     | Reached skill level 10 in Fighting
 10935 | D:10     | Noticed an orc knight
 10954 | D:10     | Mangled by an orc knight

Illustrated notes

Levels and vault maps discovered:
D:1:      heliophobic_arrival_enchanted_forest, layout_rooms, serial_curves,
          eino_curves_03, eino_curves_03, eino_curves_03, eino_curves_02,
          shapermc_ecumenical_altar_pompeii
D:2:      layout_basic, uniq_sigmund, uniq_natasha
D:3:      layout_loops_ring, mainiacjoe_overflow_six_doors_small,
          minmay_starry_boxes
D:4:      layout_loops_ring, minmay_temple_entry_statues_pillars, uniq_grinder,
          uniq_robin, uniq_duvessa
D:5:      layout_basic, grunt_temple_overflow_order_and_chaos_2,
          gammafunk_ghost_smash, minmay_misc_feat_chi, minmay_fountain_box
D:6:      layout_basic, xom_butterflies, serial_shops, nicolae_shop_stone,
          uniq_eustachio
D:7:      layout_loops_ring, mainiacjoe_overflow_concentric_impassable,
          nrook_pool_corridor, uniq_joseph
D:8:      layout_loops_corners, trog_wizard, serial_shops,
          nicolae_shop_bloodbath_and_beyond, minmay_misc_feat_ornament,
          uniq_maggie
D:9:      layout_loops_ring, nicolae_overflow_crystal_walls,
          grunt_temple_overflow_cloverleaf, mainiacjoe_overflow_alcove_2,
          general_overflow_altar, special_room [special_room_orc]
D:10:     minmay_the_grid_net [minmay_the_grid_paths, minmay_the_grid_tri_star,
          minmay_the_grid_medium_cups, minmay_the_grid_zigzag_pyramid,
          minmay_the_grid_doors, minmay_the_grid_prize_trominoes],
          layout_cave_pools, minmay_lair_entry_grove, orc_0_dummy,
          kennysheep_generic_room_12
Temple:   nicolae_temple_figure_zero

Skill      XL: |  1  2  3  4  5  6  7  8  9 10 11 |
---------------+----------------------------------+-----
Armour         | 4 5 6 7 8 9 10 | 10.3
Shields        | 4 5 6 |  6.3
Fighting       | 4 5 6 7 9 10 | 10.0
Long Blades    | 3 4 5 6 7 8 10 11 | 11.7
Dodging        | 1 2 3 4 |  4.4
Crossbows      | 2 4 |  4.3
Stealth        | 3 |  3.3
Slings         | 2 5 6 |  6.8
Invocations    | 1 |  1.8
Evocations     | |  0.3

Action                   |  1- 3 |  4- 6 |  7- 9 | 10-12 || total
-------------------------+-------+-------+-------+-------++-------
Melee: Long sword        |    69 |    64 |   221 |   215 ||   569
       Headbutt          |     3 |     8 |    44 |    44 ||    99
 Fire: Hand crossbow     |       |     6 |    35 |       ||    41
       Hunting sling     |       |       |    94 |    16 ||   110
Invok: Heroism           |       |       |     1 |     9 ||    10
Evoke: Wand              |       |     2 |     2 |       ||     4
  Use: Scroll            |       |       |     5 |       ||     5
       Potion            |       |       |     1 |       ||     1
 Stab: Paralysed         |       |       |     6 |       ||     6
Armor: Scale mail        |    36 |    20 |    89 |       ||   145
       Swamp dragon scal |       |       |    37 |    20 ||    57
       Chain mail        |       |       |     2 |       ||     2
       Plate armour      |       |       |       |   130 ||   130
Dodge: Dodged            |    46 |    20 |   124 |    91 ||   281
Block: Buckler           |    14 |     9 |    57 |    49 ||   129
